 Dungeon Crawl Stone Soup version 0.20-a0-472-g5c05303 (webtiles) character file.

156 nikopol the Chopper (level 5, 0/33 HPs)
             Began as a Gargoyle Berserker on Jan 14, 2017.
             Was a Believer of Trog.
             Slain by an orc priest
             ... wielding a +0 short sword
              (3 damage)
             ... on level 3 of the Dungeon.
             The game lasted 00:06:51 (2547 turns).

nikopol the Chopper (Gargoyle Berserker)            Turns: 2547, Time: 00:06:51

Health: 0/33       AC:  9    Str: 20    XL:     5   Next: 37%
Magic:  5/5        EV: 11    Int:  8    God:    Trog [**....]
Gold:   95         SH:  0    Dex: 10    Spells: 4/4 levels left

rFire  . . .     SeeInvis .     a - -3 hand axe (curse)
rCold  . . .     Gourm    .     g - +0 ring mail
rNeg   + . .     Faith    .     (no shield)
rPois  ∞         Spirit   .     (no helmet)
rElec  +         Reflect  .     (no cloak)
rCorr  .         Harm     .     (no gloves)
MR     .....                    (no boots)
Stlth  ..........               (no amulet)
                                (no ring)
                                (no ring)

@: exhausted, slowed, very slow
A: negative energy resistance 1, electricity resistance, unbreathing,
petrification resistance, rot immunity, AC +4
a: Berserk, Trog's Hand, Burn Spellbooks, Renounce Religion


You were on level 3 of the Dungeon.
You worshipped Trog.
Trog was pleased with you.
You were very hungry.

You visited 1 branch of the dungeon, and saw 3 of its levels.

You collected 95 gold pieces.

Inventory:

Hand Weapons
 a - a cursed -3 hand axe (weapon)
 s - a +0 hand axe
Armour
 b - a +0 animal skin
 g - a +0 ring mail (worn)
 r - a +0 pair of gloves
Jewellery
 i - an uncursed amulet of the gourmand {unknown}
 u - an uncursed ring of magical power {unknown}
Scrolls
 e - 3 scrolls of teleportation {unknown}
 k - a scroll of identify {unknown}
 l - a scroll of amnesia {unknown}
 t - a scroll of fog {unknown}
Potions
 f - a potion of heal wounds {unknown}
 h - a potion of invisibility {unknown}
 m - a potion of cancellation {unknown}
 n - a potion of might {unknown}
 o - a potion of cure mutation {unknown}
 p - a potion of degeneration {unknown}
Comestibles
 c - 5 bread rations
 d - a beef jerky
 j - 3 fruits
 q - 2 royal jellies


   Skills:
 + Level 3.9 Fighting
 + Level 4.0 Axes
 + Level 3.2 Armour
 + Level 2.4 Dodging


You had 4 spell levels left.
You didn't know any spells.

Dungeon Overview and Level Annotations

Branches:
Dungeon (3/15)

Altars:
Sif Muna


Innate Abilities, Weirdness & Mutations

You are resistant to torment.
Your stone body is resilient. (AC +4)
You are immune to poison.
You resist negative energy. (rN+)
You are resistant to electric shocks. (rElec)
You can survive without breathing.
You are immune to petrification.
You are immune to rotting.


Message History

You bump into the rock wall.
You are no longer berserk.
You are exhausted.
You feel yourself slow down. Something hits you.
* * * LOW HITPOINT WARNING * * *
You miss something. You hit the orc priest. You barely miss the orc.
The orc priest hits you but does no damage.
The orc barely misses you. Something hits you but does no damage.
The orc priest hits you with a short sword.
* * * LOW HITPOINT WARNING * * *
The orc hits you with a short sword of venom.
* * * LOW HITPOINT WARNING * * *
You hit the orc.
The orc is almost dead.
You miss the orc priest. You completely miss something.
You feel less confused.
You hear some strange, mumbled words.
Something tries to affect you, but you resist.
The orc priest hits you with a short sword.
You die...

....#..####.......#...
....#).##............#
....#.............#..#
..###.###.#.......#..###
........................
#.#######.#.......#.....
..........+.........>...
..#########.(....o#...#
..# ##....@{....# ..####
######o#...# .....# .#
.... .....# .# ...
.....# '# .. .....# .. #
.#...# .. .#..^# ..
.'...#


You could see an orc priest and an orc.

Vanquished Creatures
  An orc priest (D:3)
  An orc wizard (D:3)
  3 adders
  2 worms (D:2)
  A leopard gecko (D:3)
  11 orcs (D:3)
  4 giant cockroaches
  6 hobgoblins
  3 jackals (D:1)
  2 quokkas (D:2)
  2 ball pythons
  2 bats (D:2)
  3 frilled lizards
  8 goblins
  7 kobolds
  3 rats
59 creatures vanquished.

Notes
Turn   | Place    | Note
-------+----------+-------------------------------------------
     0 | D:1      | nikopol the Gargoyle Berserker began the quest for the Orb.
     0 | D:1      | Reached XP level 1. HP: 14/14 MP: 1/1
   291 | D:1      | Reached XP level 2. HP: 10/19 MP: 2/2
   621 | D:1      | Reached skill level 3 in Axes
   945 | D:2      | Reached XP level 3. HP: 23/23 MP: 3/3
  1313 | D:2      | Found a deep blue altar of Sif Muna.
  1325 | D:2      | Reached ** piety under Trog
  2023 | D:3      | Reached XP level 4. HP: 26/28 MP: 4/4
  2189 | D:3      | Reached XP level 5. HP: 28/33 MP: 5/5
  2537 | D:3      | Reached skill level 4 in Axes
  2547 | D:3      | Slain by an orc priest

Vault maps used:
D:1:      minmay_arrival_loop
D:2:      lemuel_round_altar, first_bread
D:3:      minmay_misc_feat_x, hangedman_decor_growths

Skill      XL: |  1  2  3  4  5 |
---------------+----------------+-----
Axes           | 3 4 |  4.0
Dodging        | 2 |  2.4
Armour         | 3 |  3.2
Fighting       | |  3.9

Action                   |  1- 3 |  4- 6 || total
-------------------------+-------+-------++-------
Melee: Hand axe          |   134 |    80 ||   214
Invok: Berserk           |     1 |     2 ||     3
  Eat: Chunk             |     5 |     2 ||     7
Armor: Animal skin       |    19 |       ||    19
       Ring mail         |    33 |    40 ||    73
Dodge: Dodged            |    68 |    57 ||   125
